[Event "*** Titled Tuesday Blitz"]
[Site "Chess.com"]
[Date "2020.05.05"]
[Round "7"]
[White "Gvetadze"]
[Black "Azatic"]
[Result "0-1"]
[WhiteElo "2397"]
[BlackElo "2632"]
[TimeControl "180+1"]
[EndTime "11:18:49 PDT"]
[Termination "Azatic won by resignation"]

1. Nf3 c5 2. g3 b6 3. Bg2 Bb7 4. O-O Nf6 5. d3 d5 6. Nbd2 g6 7. e4 dxe4 8. Ng5 Bg7 9. Ndxe4 Nxe4 10. Nxe4 Qc8 11. Qf3 Nc6 12. c3 O-O 13. Qe2 Qd7 14. Be3 Rad8 15. Rfd1 f5 16. Ng5 h6 17. Nh3 e5 18. f4 Kh7 19. Qf2 exf4 20. gxf4 Ne7 21. d4 Bxg2 22. Qxg2 Nd5 23. Bf2 c4 24. Kh1 Qd6 25. Rg1 Rde8 26. Qf3 Nf6 27. Rg2 Ng4 28. Rag1 Rf7 29. Rg3 Rfe7 30. R1g2 Bf6 31. Ng1 Bh4 32. Rxg4 fxg4 33. Rxg4 Bxf2 34. Qxf2 Re1 35. h4 Qd5+ 36. Kh2 Qf5 37. Qg2 Rc1 38. Nf3 Rc2 39. Nd2 Rxd2 40. Qxd2 Qxg4 0-1

[Event "*** Titled Tuesday Blitz"]
[Site "Chess.com"]
[Date "2020.05.05"]
[Round "7"]
[White "madalin18"]
[Black "ChadBiryani"]
[Result "0-1"]
[WhiteElo "2157"]
[BlackElo "2347"]
[TimeControl "180+1"]
[EndTime "11:18:49 PDT"]
[Termination "ChadBiryani won on time"]

1. e4 c5 2. Nf3 d6 3. d4 cxd4 4. Nxd4 Nf6 5. Nc3 g6 6. f3 Bg7 7. Be3 O-O 8. Qd2 Nc6 9. O-O-O d5 10. Qe1 e5 11. Nxc6 bxc6 12. exd5 Nxd5 13. Bc4 Be6 14. Bb3 Qc7 15. Bc5 Rfd8 16. Ne4 h6 17. g4 Nf4 18. Bd6 Qb6 19. Bxe6 Nxe6 20. h4 Qa6 21.
Kb1 Nd4 22. Qe3 f5 23. Nc5 Qb5 24. Bxe5 Qxc5 25. Bxg7 Kxg7 26. c3 Nb3 27. Qe6 Nd2+ 28. Ka1 Qd6 29. Qe3 Nc4 30. Rxd6 Nxe3 31. Re6 f4 32.
Rxc6 Rd7 33. a3 Rb8 34. h5 g5 35. Rg6+ Kh7 36. Rh2 Rd1+ 37. Ka2 Rb6 0-1

[Event "*** Titled Tuesday Blitz"]
[Site "Chess.com"]
[Date "2020.05.05"]
[Round "7"]
[White "louis198"]
[Black "Baby_Legs"]
[Result "0-1"]
[WhiteElo "2538"]
[BlackElo "2687"]
[TimeControl "180+1"]
[EndTime "11:18:50 PDT"]
[Termination "Baby_Legs won by resignation"]

1. d4 d5 2. c4 e6 3. Nc3 Bb4 4. Nf3 dxc4 5. e3 b5 6. a4 c6 7. Bd2 Bb7 8. axb5 Bxc3 9. bxc3 cxb5 10. Qb1 a6 11. Ne5 Qc8 12. Be2 Nf6 13. h4 Nbd7 14. f4 Be4 15. Qb4 Qc7 16. Bf3 Nd5 17. Qa3 f5 18.
Bxe4 fxe4 19. O-O N7f6 20. g4 Qe7 21. Qb2 O-O 22. g5 Nd7 23. Ng4 Qf7 24. Kg2 Qh5 25. Kh3 Ne7 26. Be1 Nf5 27. Qe2 Kh8 28. Ra2 Nb6 29.
Ne5 Qxe2 30. Rxe2 Nd5 31. h5 Kg8 32. Bd2 Rfb8 33. h6 g6 34. Rb1 Nd6 35. Nd7 Rc8 36.
Nc5 Kf7 37. Ree1 a5 38. Nd7 b4 39. Ne5+ Ke7 40. Rec1 b3 41. Ra1 a4 42. Rcb1 a3 0-1

[Event "*** Titled Tuesday Blitz"]
[Site "Chess.com"]
[Date "2020.05.05"]
[Round "7"]
[White "Grischuk"]
[Black "Beca95"]
[Result "1-0"]
[WhiteElo "3121"]
[BlackElo "2868"]
[TimeControl "180+1"]
[EndTime "11:18:51 PDT"]
[Termination "Grischuk won on time"]

1. Nf3 d5 2. g3 Bg4 3. Bg2 Nd7 4. d4 e6 5. O-O c6 6. c4 Bxf3 7. Bxf3 f5 8. Qb3 Qb6 9. Bf4 Ngf6 10. Nc3 Be7 11. c5 Qa6 12. Qc2 b6 13. b4 bxc5 14. bxc5 h6 15. h4 Kf7 16. h5 g5 17. hxg6+ Kxg6 18. g4 Rag8 19. Kh1 Ne4 20. gxf5+ exf5 21. e3 Bg5 22.
Bh2 Ndf6 23. Ne2 Kf7 24. Be5 f4 25. Bxf4 Qc8 26. Bh2 Bh4 27. Nf4 Qf5 28. Qe2 h5 29. Bg2 Ng4 30. Bg1 Rg7 31. Qf3 Rhg8 32. Qh3 1-0

[Event "*** Titled Tuesday Blitz"]
[Site "Chess.com"]
[Date "2020.05.05"]
[Round "7"]
[White "pedromartinez91"]
[Black "Jaka_Brilej"]
[Result "1-0"]
[WhiteElo "2528"]
[BlackElo "2371"]
[TimeControl "180+1"]
[EndTime "11:18:51 PDT"]
[Termination "pedromartinez91 won by resignation"]

1. e4 c5 2. Nf3 Nc6 3. d4 cxd4 4.
Nxd4 Nf6 5. Nc3 e5 6. Ndb5 d6 7. Bg5 a6 8. Na3 b5 9. Nd5 Be7 10. Nxe7 Nxe7 11. Bxf6 gxf6 12. c4 O-O 13. cxb5 axb5 14.
Nxb5 d5 15. exd5 Nxd5 16. Nc3 Be6 17. Be2 Nxc3 18. bxc3 Qxd1+ 19. Bxd1 Rxa2 20. Rxa2 Bxa2 21. Bg4 Bc4 22. Kd2 Ra8 23. Rc1 Rd8+ 24. Kc2 Bd3+ 25. Kb2 f5 26. Bh5 Rb8+ 27. Ka3 Bc4 28. Bd1 Kg7 29.
Bc2 Kf6 30. Rb1 Rd8 31. Kb4 Be6 32. Rd1 Rb8+ 33. Ka3 Ra8+ 34. Kb2 Rb8+ 35. Kc1 Rc8 36. Kd2 Rd8+ 37. Ke1 Rc8 38. Rd3 e4 39. Re3 Bd5 40. g3 Ke5 41. Kd2 Ra8 42. Kc1 Ra1+ 43. Kd2 Ra2 44.
Kc1 Ra1+ 45. Kb2 Rf1 46. Re2 f4 47. Rd2 Bc4 48. Rd4 Bd5 49. gxf4+ Kxf4 50. Rxd5 Rxf2 51.
c4 e3 52. Rf5+ Kg4 53. Rxf2 exf2 54. Bd3 Kf3 55. c5 Ke3 56. Kc3 1-0

[Event "*** Titled Tuesday Blitz"]
[Site "Chess.com"]
[Date "2020.05.05"]
[Round "7"]
[White "Igor_Lysyj"]
[Black "evgenyermolaev"]
[Result "1-0"]
[WhiteElo "2781"]
[BlackElo "2608"]
[TimeControl "180+1"]
[EndTime "11:18:52 PDT"]
[Termination "Igor_Lysyj won on time"]

1. d4 Nf6 2. c4 c5 3. d5 g6 4. Nc3 Bg7 5. e4 d6 6. Nf3 O-O 7. Be2 e6 8. O-O Re8 9. h3 Na6 10. Bd3 Nc7 11. Bg5 exd5 12. exd5 h6 13. Bh4 Rb8 14. Qd2 Qd7 15. Bxf6 Bxf6 16. Qxh6 Bg7 17.
Qf4 b5 18. cxb5 Bb7 19. Bc4 Bxc3 20. bxc3 Nxd5 21. Qd2 Nb6 22. Be2 Rbd8 23. a4 Qf5 24. Bd3 Qf6 25. Ng5 Nd5 26. Bc4 Nf4 27. Nxf7 d5 28.
Nxd8 Rxd8 29. Rfd1 Qg5 30. Bf1 Nxh3+ 31. Kh2 Nf4 32.
g3 Qh5+ 33. Kg1 d4 34. f3 Bxf3 35. Qxf4 Qh1+ 36. Kf2 Bxd1 37. Rxd1 Qb7 38. Bc4+ Kg7 39. Qe5+ 1-0

[Event "*** Titled Tuesday Blitz"]
[Site "Chess.com"]
[Date "2020.05.05"]
[Round "7"]
[White "Budisavljevic"]
[Black "NotFischer"]
[Result "1-0"]
[WhiteElo "2398"]
[BlackElo "2161"]
[TimeControl "180+1"]
[EndTime "11:18:52 PDT"]
[Termination "Budisavljevic won by resignation"]

1. d4 Nf6 2. Nf3 e6 3. Bf4 d5 4.
e3 c5 5. c3 Nc6 6. Nbd2 cxd4 7. exd4 Bd6 8. Bg3 Bxg3 9. hxg3 O-O 10. Bd3 h6 11. Qe2 Qc7 12. Ne5 Nxe5 13. dxe5 Nd7 14. Nf3 Nc5 15. Bc2 a5 16. g4 Qb6 17. g5 Qxb2 18.
Bh7+ Kxh7 19. Qxb2 Nd3+ 20. Ke2 Nxb2 21. gxh6 gxh6 22.
Rh4 Nc4 23. Rah1 Kg7 24. Rg4+ Kh7 25. Ng5+ Kg6 26. Nf3+ Kf5 27. Rg3 d4 28. Rh5+ Ke4 29. Rg4+ Kd5 30. Rxd4+ Kc5 31. Rxh6 b5 32. Ng5 Bb7 33.
Rf6 Rad8 34. Rxf7 Rxd4 35. cxd4+ 1-0

[Event "*** Titled Tuesday Blitz"]
[Site "Chess.com"]
[Date "2020.05.05"]
[Round "7"]
[White "shnitez"]
[Black "PowerThinking2650"]
[Result "1-0"]
[WhiteElo "2493"]
[BlackElo "2274"]
[TimeControl "180+1"]
[EndTime "11:18:52 PDT"]
[Termination "shnitez won on time"]

1. e4 e5 2. Nf3 Nc6 3. Bb5 a6 4. Ba4 Nf6 5. O-O Be7 6. Re1 b5 7. Bb3 d6 8. a4 b4 9. d4 O-O 10. dxe5 Nxe5 11. Nxe5 dxe5 12. Nd2 Bg4 13. f3 Bc5+ 14.
Kh1 Be6 15. Bxe6 fxe6 16. Nc4 Bd4 17. Bg5 h6 18. Bh4 Qe8 19. Qd2 Qh5 20. Bg3 Rad8 21. c3 bxc3 22. bxc3 Ba7 23. Qa2 Qg5 24. Nxe5 Nh5 25.
Qxe6+ Kh7 26. Qg4 Nxg3+ 27. Qxg3 Qxg3 28. hxg3 Bf2 29. Red1 Bxg3 30. Nc6 Rde8 31. a5 Rf6 32. Nb4 Re5 33. Rd5 c5 34. Rxe5 Bxe5 35. Nd5 Rg6 36.
Rb1 Rg3 37. Rb6 1-0

[Event "*** Titled Tuesday Blitz"]
[Site "Chess.com"]
[Date "2020.05.05"]
[Round "7"]
[White "Perimir"]
[Black "norwaytoadog"]
[Result "1-0"]
[WhiteElo "2356"]
[BlackElo "2179"]
[TimeControl "180+1"]
[EndTime "11:18:52 PDT"]
[Termination "Perimir won on time"]

1. e4 c5 2. Nc3 Nc6 3. g3 g6 4.
Bg2 Bg7 5. d3 d6 6. Be3 Rb8 7.
Qd2 b5 8. Nf3 b4 9. Nd1 e6 10. O-O Nd4 11. c3 Nxf3+ 12. Bxf3 h5 13. d4 bxc3 14. Nxc3 Ba6 15. Rfd1 c4 16. h4 Ne7 17.
Bg2 O-O 18. Rab1 d5 19. Bg5 f6 20. Bh6 Qd6 21. Re1 Kh7 22. Bxg7 Kxg7 23. e5 fxe5 24. Rxe5 Rf5 25. Rbe1 Rxe5 26. dxe5 Qd8 27. Bh3 Rb6 28. Qg5 Qf8 29. Re2 Bc8 30. Na4 Ra6 31. Nc5 Rxa2 32. Bxe6 Ra1+ 33. Kg2 d4 34. Bxc8 Nxc8 35. Ne6+ Kf7 36.
Qf6+ 1-0

[Event "*** Titled Tuesday Blitz"]
[Site "Chess.com"]
[Date "2020.05.05"]
[Round "7"]
[White "hazy13"]
[Black "Islamovqaasim"]
[Result "1-0"]
[WhiteElo "2192"]
[BlackElo "2048"]
[TimeControl "180+1"]
[EndTime "11:18:52 PDT"]
[Termination "hazy13 won by checkmate"]

1. d4 Nf6 2. c4 e6 3. g3 c5 4.
d5 d6 5. Nc3 e5 6. Bg2 Be7 7.
e4 O-O 8. Nge2 Na6 9. O-O Nc7 10. h3 a6 11. a4 Bd7 12. f4 Nfe8 13. f5 b5 14. g4 b4 15. Nb1 Bg5 16. Nd2 Be3+ 17.
Kh2 h5 18. Nf3 Bxc1 19. Qxc1 hxg4 20. hxg4 f6 21. Rh1 Kf7 22. Nh4 a5 23. Ng6 Rg8 24. Ng3 Na6 25. b3 Nec7 26. Kg1 Qc8 27. Bf3 Qb7 28.
g5 Rae8 29. Rh7 Ref8 30. gxf6 Kxf6 31. Nh5+ Kf7 32. Qg5 Re8 33. Nh4 Ne6 34. dxe6+ Bxe6 35. Rxg7+ Kf8 36. Qf6+ Bf7 37. Ng6# 1-0

[Event "*** Titled Tuesday Blitz"]
[Site "Chess.com"]
[Date "2020.05.05"]
[Round "7"]
[White "tioloko"]
[Black "Chessmatus"]
[Result "1-0"]
[WhiteElo "2630"]
[BlackElo "2388"]
[TimeControl "180+1"]
[EndTime "11:18:53 PDT"]
[Termination "tioloko won by resignation"]

1. Nf3 Nf6 2. g3 d5 3. Bg2 g6 4. O-O Bg7 5. d4 O-O 6. c4 c6 7. Qb3 Ne4 8. Nc3 dxc4 9. Qxc4 Nd6 10. Qd3 Be6 11. Rd1 Na6 12. e4 Nb4 13. Qb1 a5 14.
a3 Na6 15. Qc2 Qb6 16. d5 cxd5 17. Be3 Qc7 18. exd5 Bf5 19. Qe2 Rac8 20. Nd4 Bd7 21. Rac1 Qb8 22. Bf4 Rfe8 23. Nf3 Qa7 24. Ne5 Bf5 25. g4 Bxe5 26. Bxe5 Bd7 27. Bd4 b6 28. h4 Nc5 29. Be5 Nb3 30. Rc2 f6 31. Bf4 b5 32. h5 b4 33. Ne4 Rxc2 34. Qxc2 Nd4 35. Qd3 N6b5 36. hxg6 hxg6 37. Nxf6+ exf6 38. Qxg6+ Kh8 39. Kh2 Bc8 40. Rh1 Qg7 41. Qxe8+ 1-0

[Event "*** Titled Tuesday Blitz"]
[Site "Chess.com"]
[Date "2020.05.05"]
[Round "7"]
[White "chessuriel"]
[Black "Bossche-CM"]
[Result "0-1"]
[WhiteElo "2228"]
[BlackElo "2458"]
[TimeControl "180+1"]
[EndTime "11:18:53 PDT"]
[Termination "Bossche-CM won on time"]

1. e4 c5 2. Nf3 e6 3. d4 cxd4 4. Nxd4 Nf6 5. Nc3 Qb6 6. Nb3 Nc6 7. Be3 Qc7 8. Be2 a6 9. O-O b5 10. a3 Bb7 11. f4 d6 12. Bf3 Be7 13. Kh1 h5 14. f5 e5 15. Bg5 Nb8 16. Bxf6 Bxf6 17. Nd5 Bxd5 18. Qxd5 Qc6 19. Rad1 Qxd5 20. Rxd5 Be7 21.
Na5 Nd7 22. Rfd1 Nb6 23. R5d2 Rb8 24. Nc6 Rc8 25. Nxe7 Kxe7 26. Rxd6 Nc4 27. Rxa6 Nxb2 28. Ra7+ Kf6 29. Rd6+ Kg5 30. Rxf7 Kf4 31. Rxg7 Rxc2 32.
h4 Nc4 33. Rd5 Ne3 34. Rd3 Nf1 35. Kg1 Rc1 36. Bd1 Kxe4 37. Rdd7 Ne3 38. Kf2 Nxd1+ 39.
Ke2 Ne3 40. Rb7 Rhc8 0-1

[Event "*** Titled Tuesday Blitz"]
[Site "Chess.com"]
[Date "2020.05.05"]
[Round "7"]
[White "oneshot007"]
[Black "Stronger1799"]
[Result "1-0"]
[WhiteElo "2401"]
[BlackElo "2187"]
[TimeControl "180+1"]
[EndTime "11:18:53 PDT"]
[Termination "oneshot007 won by resignation"]

1. e4 c5 2. Nf3 e6 3. Nc3 Nc6 4. d4 cxd4 5. Nxd4 Qc7 6. g3 a6 7. Bg2 Nf6 8. O-O Bc5 9. Nxc6 dxc6 10. Na4 Ba7 11. c4 b5 12. cxb5 axb5 13. Nc3 O-O 14. Bf4 e5 15. Bg5 Bg4 16. Qc2 Qd6 17. Kh1 b4 18. Nd1 Bd4 19. Ne3 Be6 20. Bxf6 gxf6 21. Rfd1 Rxa2 22. Rxa2 Bxa2 23. Nf5 Qe6 24. Nxd4 exd4 25.
Rxd4 Bb3 26. Qc5 Ra8 27. h4 Qe5 28. Qxb4 c5 29. Qxb3 Qxd4 30. Qf3 Re8 31. Kh2 Kf8 32. Qh5 Qxb2 33. Qxh7 Ke7 34. Qf5 Qxf2 35. Qxf2 1-0

[Event "*** Titled Tuesday Blitz"]
[Site "Chess.com"]
[Date "2020.05.05"]
[Round "7"]
[White "JoachimMouhamad"]
[Black "Boudicca64"]
[Result "0-1"]
[WhiteElo "2278"]
[BlackElo "1984"]
[TimeControl "180+1"]
[EndTime "11:18:53 PDT"]
[Termination "Boudicca64 won on time"]

1. e4 c5 2. Nf3 e6 3. d4 cxd4 4. Nxd4 Nf6 5. Nc3 Nc6 6. Ndb5 a6 7. Nd6+ Bxd6 8. Qxd6 b5 9. a3 Qe7 10. Bf4 e5 11. Qxe7+ Kxe7 12. Bg5 Nd4 13. O-O-O Bb7 14. f3 h6 15. Be3 Ne6 16. Nd5+ Nxd5 17. exd5 Nd8 18.
Kb1 d6 19. c4 bxc4 20. Bxc4 f5 21. Rc1 Nf7 22. Bb3 Rhc8 23. Ka2 a5 24. a4 g5 25. Bd2 f4 26. Rxc8 Bxc8 27. Rc1 Bd7 28. Rc7 Kd8 29. Rb7 Kc8 30. Rb6 Kc7 31. Rc6+ Bxc6 32.
dxc6 Nd8 33. Bd5 Nxc6 34. b4 axb4 35. Kb3 Ra5 36. Be4 d5 37. Bf5 Nd4+ 38. Kxb4 Rxa4+ 0-1

[Event "*** Titled Tuesday Blitz"]
[Site "Chess.com"]
[Date "2020.05.05"]
[Round "7"]
[White "rpragchess"]
[Black "Firegrizzly"]
[Result "1-0"]
[WhiteElo "2844"]
[BlackElo "2668"]
[TimeControl "180+1"]
[EndTime "11:18:54 PDT"]
[Termination "rpragchess won by resignation"]

1. Nf3 Nf6 2. g3 d6 3. d4 g6 4. b3 Bg7 5. Bb2 O-O 6. Bg2 c5 7. c4 Nc6 8. d5 Na5 9. O-O a6 10. Nc3 Rb8 11. a4 Qb6 12. Nd2 e5 13. e4 Bd7 14.
Qc2 Nh5 15. f4 exf4 16. gxf4 f5 17. Rae1 Bh6 18. e5 Bxf4 19. e6 Be8 20. Rxf4 Nxf4 21. Nd1 Nh5 22. Ne3 Nxb3 23. Nxb3 Bxa4 24. Qc3 Nf6 25. Nd2 Qb4 26. Qxb4 cxb4 27. c5 dxc5 28. d6 Bc6 29. Bxc6 bxc6 30. e7 Rf7 31. Bxf6 Rxf6 32. d7 Kg7 33. e8=Q Rxe8 34. dxe8=Q a5 35. Qe7+ Rf7 36.
Qe5+ Kh6 37. Nf3 b3 38. Ng4+ fxg4 39. Ng5 Rf5 40. Qe3 Rxg5 41. Rc1 Kh5 42. Rxc5 Rxc5 43. Qxc5+ g5 44. Qxa5 Kh4 45. Qb4 c5 46. Qxb3 h6 47.
Qg3+ Kh5 48. Qc3 Kh4 49. Qxc5 g3 50. hxg3+ Kxg3 51. Qd6+ Kg4 52. Qxh6 Kf3 53. Qxg5 Ke2 54. Qf6 1-0

[Event "*** Titled Tuesday Blitz"]
[Site "Chess.com"]
[Date "2020.05.05"]
[Round "7"]
[White "PauloCesarCosta_sad"]
[Black "MathiasWomacka"]
[Result "0-1"]
[WhiteElo "2203"]
[BlackElo "2451"]
[TimeControl "180+1"]
[EndTime "11:18:54 PDT"]
[Termination "MathiasWomacka won on time"]

1. Nf3 c5 2. c4 Nf6 3. Nc3 e6 4. g3 b6 5. Bg2 Bb7 6. O-O Be7 7.
d4 cxd4 8. Qxd4 d6 9. Bg5 a6 10. Bxf6 Bxf6 11. Qd3 Ra7 12. Rad1 Be7 13. Ne4 Bxe4 14.
Qxe4 O-O 15. Nd4 Qc8 16. b3 Qc5 17. Rd2 Re8 18. Rfd1 Bf8 19. Qh4 b5 20. cxb5 axb5 21. Be4 g6 22. Rc2 Qb6 23. e3 d5 24. Bd3 b4 25. Rdc1 e5 26. Nb5 Rae7 27. Qxb4 Na6 28. Qd2 Re6 29. a4 Nc5 30. a5 Qb8 31. b4 Nxd3 32.
Qxd3 Bxb4 33. Rb1 Bxa5 34. Rcb2 Qd8 0-1

[Event "*** Titled Tuesday Blitz"]
[Site "Chess.com"]
[Date "2020.05.05"]
[Round "7"]
[White "vladimirdamjanovic"]
[Black "hansen"]
[Result "0-1"]
[WhiteElo "2606"]
[BlackElo "2932"]
[TimeControl "180+1"]
[EndTime "11:18:55 PDT"]
[Termination "hansen won by checkmate"]

1. d4 Nf6 2. c4 e6 3. Nc3 Bb4 4.
f3 O-O 5. a3 Bxc3+ 6. bxc3 Nh5 7. Nh3 f5 8. g3 Nc6 9. Nf2 b6 10.
Bg2 Ba6 11. c5 Qe8 12. O-O Na5 13. Qc2 d6 14. Re1 Nf6 15. e4 fxe4 16. Nxe4 Nxe4 17. fxe4 e5 18. cxd6 cxd6 19. Be3 Rc8 20. Rad1 Qe6 21. dxe5 dxe5 22. Rd5 Bc4 23. Rd2 h6 24. Qb1 Rf6 25. h4 Rcf8 26. Kh2 Qf7 27. Red1 Qg6 28. Qb4 Bb3 29. Rb1 Be6 30. Rd6 Nc4 31. Rxe6 Nxe3 32.
Rxf6 Rxf6 33. Qb3+ Kh7 34. Re1 Ng4+ 35. Kg1 Qe8 36.
Qd5 Qf8 37. Bh3 Rf3 38. Bxg4 Rxg3+ 39. Kh1 Rxg4 40. Qxe5 Qf3+ 41. Kh2 Qg2# 0-1

[Event "*** Titled Tuesday Blitz"]
[Site "Chess.com"]
[Date "2020.05.05"]
[Round "7"]
[White "Alexander_Donchenko"]
[Black "stolencandy13"]
[Result "1-0"]
[WhiteElo "2784"]
[BlackElo "2540"]
[TimeControl "180+1"]
[EndTime "11:18:55 PDT"]
[Termination "Alexander_Donchenko won by resignation"]

1. e4 c6 2. d4 d5 3. e5 Bf5 4.
h4 h5 5. Bd3 Bxd3 6. Qxd3 e6 7.
Bg5 Qb6 8. Nd2 Qa6 9. c4 Bb4 10. Nf3 Qxc4 11. Qxc4 dxc4 12. Ke2 b5 13. a4 Ne7 14.
Bxe7 Kxe7 15. Rhc1 Rd8 16. b3 Bxd2 17. Kxd2 cxb3 18.
Kc3 a5 19. Kxb3 Rd5 20. Rc3 Kd7 21. Rac1 Ra6 22. Rd3 Rb6 23. Ng5 bxa4+ 24. Ka3 f6 25. exf6 gxf6 26. Ne4 Ke7 27. Nc5 Nd7 28. Nxa4 Rb4 29.
Rcd1 Nb6 30. Nxb6 Rxb6 31. Rc3 Kd6 32. Rc4 Rbb5 33. Rdc1 c5 34. dxc5+ Rbxc5 35. Ka4 Rxc4+ 36. Rxc4 Ke5 37. g4 hxg4 38. Rxg4 f5 39. Rg6 Rd4+ 40. Kxa5 Rxh4 41. Kb5 Rf4 42. Rg2 Rd4 43. Kc5 Rd8 44.
Rg6 Rc8+ 45. Kb4 Kd5 46. Rf6 Ke5 47. Rg6 Rc2 48. Rg2 Ke4 49. f3+ Kxf3 50. Rxc2 Ke3 51. Kc3 f4 52. Rc1 Ke2 53. Kd4 f3 54. Rc2+ Kd1 55.
Rf2 1-0

[Event "*** Titled Tuesday Blitz"]
[Site "Chess.com"]
[Date "2020.05.05"]
[Round "7"]
[White "temus_galaktionov"]
[Black "politeplayer"]
[Result "1-0"]
[WhiteElo "2742"]
[BlackElo "2237"]
[TimeControl "180+1"]
[EndTime "11:18:55 PDT"]
[Termination "temus_galaktionov won by checkmate"]

1. d4 d5 2. c4 e6 3. Nf3 c5 4.
Nc3 cxd4 5. Nxd4 e5 6. Nf3 d4 7.
Nd5 Nc6 8. e4 Nf6 9. Bd3 Bg4 10.
O-O Bc5 11. Bg5 h6 12. Bxf6 gxf6 13. h3 Bh5 14. Be2 Rg8 15. Nh4 Bg6 16. Bd3 Qd6 17. Qf3 O-O-O 18. a3 a6 19. b4 Ba7 20. Nxf6 Rg7 21.
Kh2 Ne7 22. Rfc1 Ng8 23. Nd5 f5 24. Nxg6 Rxg6 25. c5 Qe6 26. exf5 e4 27. Bxe4 Qe5+ 28. g3 Rf6 29. Nxf6 Nxf6 30. Bxb7+ Kd7 31. Bxa6 Bb8 32. Re1 Qc7 33. Qb7 h5 34. Bb5# 1-0

[Event "*** Titled Tuesday Blitz"]
[Site "Chess.com"]
[Date "2020.05.05"]
[Round "7"]
[White "Bodnar_Mykola"]
[Black "DanielMieles1985"]
[Result "1-0"]
[WhiteElo "2450"]
[BlackElo "2628"]
[TimeControl "180+1"]
[EndTime "11:18:55 PDT"]
[Termination "Bodnar_Mykola won by resignation"]

1. d4 Nf6 2. c4 e6 3. Nf3 d5 4.
Bg5 c6 5. e3 Nbd7 6. Nc3 Qa5 7.
Nd2 Bb4 8. Qc2 O-O 9. Be2 dxc4 10. Bxf6 Nxf6 11. Nxc4 Bxc3+ 12. Qxc3 Qxc3+ 13. bxc3 b6 14. Bf3 Nd5 15. Kd2 Ba6 16. Ne5 Rac8 17. c4 Ne7 18. Rhc1 Rfd8 19. Ke1 f6 20. Nd3 c5 21.
Nf4 Kf7 22. d5 exd5 23. Nxd5 Nxd5 24. Bxd5+ Ke7 25. a4 Rc7 26. e4 Bb7 27. Ke2 Bxd5 28.
exd5 Kd6 29. Kd3 Re8 30. Re1 Rce7 31. Rxe7 Rxe7 32. h4 h5 33. Rb1 f5 34. a5 bxa5 35. Rb5 Re4 36. g3 Rd4+ 37. Kc3 f4 38. Rxa5 fxg3 39.
fxg3 Rg4 40. Rxa7 Rxg3+ 41. Kb2 Rg4 42. Kb3 Rg3+ 43. Ka4 g5 44. hxg5 h4 45. Rh7 h3 46.
g6 Ke5 47. Kb5 Kd6 48. g7 Rb3+ 49. Ka6 Rg3 50. Rh6+ Ke5 51. Kb5 1-0

[Event "*** Titled Tuesday Blitz"]
[Site "Chess.com"]
[Date "2020.05.05"]
[Round "7"]
[White "IMTominho"]
[Black "PSvidler"]
[Result "1-0"]
[WhiteElo "2804"]
[BlackElo "3006"]
[TimeControl "180+1"]
[EndTime "11:18:56 PDT"]
[Termination "IMTominho won by resignation"]

1. d4 Nf6 2. Nf3 g6 3. c4 Bg7 4. Nc3 d5 5. Bg5 Ne4 6. cxd5 Nxg5 7. Nxg5 e6 8. Nf3 exd5 9. e3 O-O 10. Be2 a5 11. O-O c6 12. Rc1 Qd6 13. Na4 Nd7 14. Qb3 Re8 15. h3 Bf8 16. Rfd1 Rb8 17. Nc5 Nxc5 18.
dxc5 Qf6 19. Nd4 Bd7 20. Qc3 Ra8 21. Bf1 Bg7 22. Qc2 Qg5 23. Kh1 h5 24. b3 Qh4 25. a3 Re4 26. g3 Qg5 27. Bg2 Ree8 28. h4 Qd8 29. b4 axb4 30. axb4 Be5 31. Nf3 Bf6 32. Nd4 Kg7 33. b5 Ra5 34. Qd2 Ra4 35.
Kh2 Bxd4 36. exd4 Bg4 37. f3 Bf5 38. bxc6 bxc6 39. Ra1 Qa8 40. Rxa4 Qxa4 41. Rf1 Rb8 42. Qe3 Rb4 43. g4 Be6 44. gxh5 Rxd4 45. Qe5+ Kg8 46. Rb1 Rb4 47. h6 1-0

[Event "*** Titled Tuesday Blitz"]
[Site "Chess.com"]
[Date "2020.05.05"]
[Round "7"]
[White "giantslayer83"]
[Black "Azeryahu"]
[Result "0-1"]
[WhiteElo "2710"]
[BlackElo "2899"]
[TimeControl "180+1"]
[EndTime "11:18:57 PDT"]
[Termination "Azeryahu won by checkmate"]

1. d4 d6 2. Nf3 Nf6 3. c4 Bf5 4. Nc3 h6 5. g3 Nbd7 6. Bg2 Bh7 7.
O-O c6 8. d5 e5 9. dxe6 fxe6 10. Nd4 Bg8 11. Bh3 Qe7 12. e4 g6 13. f4 e5 14.
fxe5 dxe5 15. Nb3 Bxc4 16. Kh1 Bg7 17. Na5 Bxf1 18. Qxf1 Nc5 19. Be3 Ncxe4 20. Nxe4 Nxe4 21. Qc4 Ng5 22. Bg2 e4 23. Bxg5 hxg5 24. Bxe4 Be5 25.
Nxc6 bxc6 26. Bxc6+ Kf8 27. Bxa8 Kg7 28. Bg2 Bxg3 29. h3 Be5 30. Rf1 Rf8 31. Rd1 Qf6 32. b3 Rf7 33. a4 Qf4 34. a5 Qh2# 0-1

[Event "*** Titled Tuesday Blitz"]
[Site "Chess.com"]
[Date "2020.05.05"]
[Round "7"]
[White "kuba2006"]
[Black "ArnaudovP"]
[Result "0-1"]
[WhiteElo "2431"]
[BlackElo "2600"]
[TimeControl "180+1"]
[EndTime "11:18:57 PDT"]
[Termination "ArnaudovP won on time"]

1. e4 c6 2. d4 d5 3. e5 Bf5 4. Nf3 e6 5. a3 Ne7 6. Be2 Nd7 7.
O-O Ng6 8. c4 Be7 9. Nc3 O-O 10.
h3 f6 11. exf6 Bxf6 12. Be3 Nh4 13. cxd5 Nxf3+ 14. Bxf3 exd5 15. Bg4 Bxg4 16. Qxg4 Nb6 17. Rae1 Qc8 18. Qg3 Qf5 19. Ne2 Nc4 20. Bc1 Rad8 21. Qg4 Qxg4 22. hxg4 g6 23. b3 Nd6 24. f3 Rfe8 25. Bb2 Re7 26. Nc1 Rde8 27. Rxe7 Rxe7 28. Kf2 Nb5 29. Ne2 Re8 30. a4 Nc7 31. g3 Na6 32.
Nf4 Nb4 33. Bc3 Nc2 34. Rd1 Kf7 35. Rd2 Ne3 36. Nd3 b6 37. a5 c5 38. axb6 axb6 39.
Nf4 c4 40. bxc4 dxc4 41. Ra2 Nd1+ 42. Kg2 Nxc3 43. Ra7+ Re7 44. Ra3 Ne2 45. Nd5 Rb7 46. Ra4 c3 47. Rc4 b5 48. Rc6 Bxd4 49. Nb4 Bf6 50. f4 Rd7 51. g5 Bg7 0-1

[Event "*** Titled Tuesday Blitz"]
[Site "Chess.com"]
[Date "2020.05.05"]
[Round "7"]
[White "Caisachess"]
[Black "AttilaTurzo"]
[Result "0-1"]
[WhiteElo "2333"]
[BlackElo "2496"]
[TimeControl "180+1"]
[EndTime "11:18:57 PDT"]
[Termination "AttilaTurzo won by resignation"]

1. e4 c5 2. c3 Nf6 3. e5 Nd5 4. d4 cxd4 5. Nf3 Nc6 6. cxd4 d6 7. Bc4 dxe5 8. dxe5 Ndb4 9. Qb3 e6 10. O-O Na5 11. Bb5+ Bd7 12. Qa4 Nac6 13. Bg5 Qb6 14. Nc3 a6 15. Rad1 Rc8 16. Be2 Nd4 17. Qa3 Nbc2 18.
Na4 Nxe2+ 19. Kh1 Qb5 20. Qb3 Qxa4 21. Qxb7 Ned4 22. Nxd4 Nxd4 23. b3 Qc6 24. Qa7 Nb5 25.
Qe3 h6 26. Bh4 Be7 27. Bg3 O-O 28. a4 Nc3 29. Rc1 Qc5 30. Qd3 Rfd8 31. f4 Be8 32.
Qf3 Qd5 33. Qg4 Qe4 34. Rfe1 Qf5 35. Qf3 Nd5 36. Bf2 Rxc1 37. Rxc1 Qxf4 38. Qxf4 Nxf4 39. Rc7 Kf8 40. g3 Nd3 41. Be3 Nxe5 0-1

[Event "*** Titled Tuesday Blitz"]
[Site "Chess.com"]
[Date "2020.05.05"]
[Round "7"]
[White "salomez"]
[Black "StockholmMissile"]
[Result "0-1"]
[WhiteElo "2237"]
[BlackElo "2410"]
[TimeControl "180+1"]
[EndTime "11:18:57 PDT"]
[Termination "StockholmMissile won on time"]

1. e4 e5 2. Nf3 Nc6 3. Bb5 a6 4. Ba4 Nf6 5. O-O Be7 6. Re1 b5 7. Bb3 O-O 8. h3 d6 9. c3 Nb8 10. d4 Nbd7 11. Nbd2 Bb7 12. d5 c6 13. dxc6 Bxc6 14.
Bc2 Nc5 15. b4 Ne6 16. Nf1 a5 17. Bg5 Nd7 18. Be3 Nb6 19. Bxb6 Qxb6 20. Ne3 Qb7 21. Nd5 Rfc8 22. a4 axb4 23. cxb4 bxa4 24. Bxa4 Bxa4 25. Rxa4 Bf8 26. Qb3 h6 27. Rxa8 Rxa8 28. Qb2 Nc7 29. Nxc7 Qxc7 30. Ra1 Rxa1+ 31. Qxa1 Qb7 32. Qb1 d5 33.
Nxe5 dxe4 34. b5 Bc5 35. Qb3 Qc7 36. Nc4 Qf4 37. Qc2 Qf6 38. Qb2 Qe6 39. Ne3 f5 40.
g3 f4 41. gxf4 Qxh3 42. Qb3+ Kh8 43. b6 Bd6 44. Ng2 Qxb3 45. b7 Qxb7 46. Ne3 Qb1+ 47. Kg2 Bxf4 0-1